 Dungeon Crawl Stone Soup version 0.21.1-1-g345015f (webtiles) character file.

858867 grindst0ne the Axe Maniac (level 27, -11/173 HPs)
             Began as a Gargoyle Berserker on Mar 7, 2018.
             Was a Follower of Uskayaw.
             Killed by divine providence
             ... invoked by a daeva
              (12 damage)
             ... on level 22 of a ziggurat.
             The game lasted 06:19:29 (84451 turns).

grindst0ne the Axe Maniac (Gargoyle Berserker)     Turns: 84451, Time: 06:19:30

Health: -11/173    AC: 63    Str: 28      XL:     27
Magic:  30/38      EV: 13    Int: 43 (44) God:    Uskayaw [*.....]
Gold:   6374       SH:  8    Dex: 14      Spells: 4/44 levels left

rFire    + + .     SeeInvis +   G - +10 executioner's axe of Accord {speed, +Inv rF+ Int+7}
rCold    + . .     Gourm    .   (shield currently unavailable)
rNeg     + + .     Faith    .   R - +10 shadow dragon scales
rPois    ∞         Spirit   .   a - +0 helmet of Crawling {rElec Str+2}
rElec    +         Reflect  +   r - +0 cloak of Ovoa {Regen+ rCorr Int+8 Stlth+}
rCorr    +         Harm     .   g - +2 pair of gloves {Dex+3}
MR       +++++                  t - +3 pair of boots of a ziggurat {rElec rPois rN+ SInv}
Stlth    ++........             q - brooch of Shielding {Reflect SH+8}
HPRegen  1.78/turn              l - ring of the Mage {Wiz MR++ Int+3}
MPRegen  0.26/turn              W - ring "Cibyxtad" {rPois rF+ rC+ Str+4 Int+4 Dex+2}

@: death channel, singing, flying, very slightly contaminated, regenerating,
hasted, glowing, very quick
A: big wings, clever 1, deterioration 1, frail 1, magic resistance 1, negative
energy resistance 1, electricity resistance, unbreathing, evolution 2,
petrification resistance, rot immunity, AC +20
}: 5/15 runes: serpentine, barnacled, slimy, silver, abyssal
a: Stop Flying, Stomp, Renounce Religion, Evoke Invisibility


You were on level 22 of a ziggurat.
You worshipped Uskayaw.
Uskayaw was greatly pleased with you.
You were not hungry.

You visited 12 branches of the dungeon, and saw 58 of its levels.
You visited the Abyss 1 time.
You visited 1 ziggurat, and saw 22 of its levels.
You also visited: Labyrinth, Trove, Wizlab and Desolation.

You collected 10614 gold pieces.
You spent 4240 gold pieces at shops.

Inventory:

Hand Weapons
 b - a +9 antimagic executioner's axe
 G - the +10 executioner's axe of Accord (weapon) {speed, +Inv rF+ Int+7}
   (Trog gifted it to you on level 1 of the Vaults)

   Attacks with this weapon are significantly faster.
   It affects your intelligence (+7).
   It protects you from fire.
   It lets you turn invisible.
Armour
 a - the +0 helmet of Crawling (worn) {rElec Str+2}
   (You found it on level 3 of the Depths)

   It affects your strength (+2).
   It insulates you from electricity.
 g - a +2 pair of gloves of dexterity (worn)
 r - the +0 cloak of Ovoa (worn) {Regen+ rCorr Int+8 Stlth+}
   (You acquired it on level 1 of the Elven Halls)

   It affects your intelligence (+8).
   It increases your rate of regeneration.
   It protects you from acid and corrosion.
   It makes you more stealthy.
 t - the +3 pair of boots of a ziggurat (worn) {rElec rPois rN+ SInv}
   (You acquired it on level 1 of the Elven Halls)

   It insulates you from electricity.
   It protects you from poison.
   It protects you from negative energy.
   It lets you see invisible.
 Q - the +0 cloak "Sogiam" {rPois rC++}
   (You found it in a wizard's laboratory)

   It greatly protects you from cold.
   It protects you from poison.
 R - +10 shadow dragon scales (worn)
Jewellery
 d - the ring "Bumni" {rPois rC- Str+6 Int+9}
   (You found it on level 18 of a ziggurat)

   [ring of poison resistance]

   It affects your strength (+6).
   It affects your intelligence (+9).
   It makes you vulnerable to cold.
   It protects you from poison.
 l - the ring of the Mage (left hand) {Wiz MR++ Int+3}
   (You bought it in a shop on level 2 of the Orcish Mines)

   [ring of wizardry]

   It improves your spell success rate.
   It affects your intelligence (+3).
   It affects your resistance to hostile enchantments.
 n - the amulet "Iclolukaots" {Reflect rPois rF+ Int+3 SH+4}
   (You found it in a treasure trove)

   [amulet of reflection]

   It shields you and reflects attacks.
   It affects your intelligence (+3).
   It protects you from fire.
   It protects you from poison.
   It affects your SH (+4).
 p - the amulet of Yesterday {Reflect rElec rN+ MP+9 Int+4 SH+3}
   (You found it in a treasure trove)

   [amulet of reflection]

   It shields you and reflects attacks.
   It affects your intelligence (+4).
   It insulates you from electricity.
   It protects you from negative energy.
   It affects your magic capacity (+9).
   It affects your SH (+3).
 q - the brooch of Shielding (around neck) {Reflect SH+8}
   (You bought it in a shop on level 14 of the Dungeon)

   [amulet of reflection]

   It shields you and reflects attacks.
   It affects your SH (+8).
 y - the ring of Phasing {EV+8}
   (You found it on level 12 of a ziggurat)

   [ring of evasion]

   It affects your evasion (+8).
 z - the ring "Baxzieru" {Wiz *Corrode rPois rN+}
   (You bought it in a shop on level 2 of the Orcish Mines)

   [ring of wizardry]

   It improves your spell success rate.
   It protects you from poison.
   It protects you from negative energy.
   It may corrode you when you take damage.
 U - the ring "Ipe Feum" {rC++ MR+}
   (You found it on level 20 of a ziggurat)

   [ring of protection from magic]

   It greatly protects you from cold.
   It affects your resistance to hostile enchantments.
 W - the ring "Cibyxtad" (right hand) {rPois rF+ rC+ Str+4 Int+4 Dex+2}
   (You found it on level 15 of a ziggurat)

   [ring of protection from fire]

   It affects your strength (+4).
   It affects your intelligence (+4).
   It affects your dexterity (+2).
   It protects you from fire.
   It protects you from cold.
   It protects you from poison.
 X - the ring of Xayna {rF+ rC+ Stlth+}
   (You found it in the Desolation of Salt)

   [ring of protection from fire]

   It protects you from fire.
   It protects you from cold.
   It makes you more stealthy.
Wands
 m - a wand of disintegration (43)
 v - a wand of acid (28)
 A - a wand of scattershot (3)
 J - a wand of digging (64)
 K - a wand of paralysis (52)
 V - a wand of iceblast (32)
Scrolls
 f - 26 scrolls of teleportation
 i - 4 scrolls of fear
 k - 14 scrolls of fog
 x - 45 scrolls of remove curse
 B - 9 scrolls of blinking
 E - 12 scrolls of enchant armour
 I - 3 scrolls of identify
 O - 6 scrolls of magic mapping
 P - 2 scrolls of summoning
 Z - 13 scrolls of amnesia
Potions
 e - 7 potions of agility
 h - 4 potions of cancellation
 j - 13 potions of curing
 o - 2 potions of heal wounds
 s - 6 potions of magic
 u - 8 potions of ambrosia
 w - 8 potions of brilliance
 D - 8 potions of might
 H - 25 potions of mutation
 M - 11 potions of haste
 T - 2 potions of invisibility
 Y - 3 potions of resistance
Miscellaneous
 C - a lamp of fire
 F - 7 boxes of beasts
 L - 8 phantom mirrors
 N - a phial of floods
 S - 4 sacks of spiders
Comestibles
 c - 71 rations


   Skills:
 - Level 25.4 Fighting
 O Level 27 Axes
 - Level 21.3 Armour
 - Level 7.1 Dodging
 - Level 9.1 Spellcasting
 - Level 6.0 Charms
 - Level 14.0 Necromancy
 - Level 18.4 Translocations
 + Level 22.2 Earth Magic
 - Level 22.3 Invocations
 - Level 6.2 Evocations


You had 4 spell levels left.
You knew the following spells:

 Your Spells              Type           Power        Failure   Level  Hunger
a - Blink                 Tloc           N/A          0%          2    None
b - Death Channel         Necr           #######...   1%          6    ####...
c - Animate Dead          Necr           N/A          1%          4    None
d - Regeneration          Chrm/Necr      #######...   1%          3    None
e - Borgnjor's Vile Clut  Necr/Erth      ########..   1%          5    #......
f - Passage of Golubria   Tloc           N/A          0%          4    None
g - Shroud of Golubria    Chrm/Tloc      #######...   1%          2    None
h - Song of Slaying       Chrm           ######..     1%          2    None
i - Spectral Weapon       Hex/Chrm       #####...     1%          3    None
j - Shatter               Erth           ########..   12%         9    #######


Dungeon Overview and Level Annotations

Branches:
Dungeon (15/15)            Temple (0/1) D:4            Lair (6/6) D:8
 Shoals (4/4) Lair:2        Snake (4/4) Lair:2        Slime (5/5) Lair:5
    Orc (2/2) D:11            Elf (3/3) Orc:2        Vaults (5/5) D:13
  Crypt (3/3) Vaults:2       Tomb (0/3) Crypt:3      Depths (5/5) D:15
   Hell (1/1)                 Dis (0/7) Hell            Geh (0/7) Hell
    Coc (0/7) Hell            Tar (0/7) Hell            Zot (5/5) Depths:5

Altars:
Dithmenos
Fedhas
Gozag
Kikubaaqudgha
Makhleb
Nemelex Xobeh
Okawaru
Qazlal
Sif Muna
Trog
Uskayaw
Xom
Yredelemnul
Zin
Lugonu

Shops:
D:4 [   D:7 !   D:14 =   Orc:2 ==:?   Snake:1 (}}=   Vaults:1 ??%   Vaults:2 *
Vaults:3 (   Zot:5 *   Depths:3 :[*

Portals:
Hell: Depths:1 Depths:2 Depths:3 Depths:4 Depths:5
Abyss: Depths:1 Depths:2 Depths:3 Depths:4
Pandemonium: Depths:1 Depths:3 Depths:5

Annotations:
D:3 exclusion: downstairs
D:10 2 runed doors
Lair:2 exclusion: downstairs
Depths:3 exclusion: downstairs
Depths:4 exclusion: downstairs
Zot:3 exclusion: downstairs


Innate Abilities, Weirdness & Mutations

You are resistant to torment.
Your stone body is resilient. (AC +20)
You are immune to poison.
Your large and strong wings let you fly indefinitely.
You resist negative energy. (rN+)
You are resistant to electric shocks. (rElec)
You can survive without breathing.
You are immune to petrification.
You are immune to rotting.
Your mind is acute. (Int +2)
Your body sometimes deteriorates upon taking damage.
You are frail. (-10% HP)
You are resistant to hostile enchantments. (MR+)
You rapidly evolve.


Message History

The daeva calls down the wrath of the Shining One upon you.
The Shining One smites you!
* * * LOW HITPOINT WARNING * * *
The cherub sings a powerful hymn!
The daeva calls down the wrath of the Shining One upon you.
The Shining One smites you!
* * * LOW HITPOINT WARNING * * *
Found fifteen items.
Found a gate leading back out of this place.
Found a stone staircase leading down.
Are you sure you want to leave this ziggurat?
The daeva calls down the wrath of the Shining One upon you.
The Shining One smites you!
* * * LOW HITPOINT WARNING * * *
The daeva calls down the wrath of the Shining One upon you.
The Shining One smites you!
* * * LOW HITPOINT WARNING * * *
The daeva calls down the wrath of the Shining One upon you.
The Shining One smites you!
You die...

......
▓.................
▓▓....AA.......G...
▓...A.GDY..........
▓[|)YA...ADAY......
▓)}[)G..AAAG.AA....
▓▓)∩)}).DAD......^..
▓!§§§?}Y.Y..§.§.A.AH
▓§@§A.AGY..G§Y.A..§
▓§§§AGGAAA.§§§....D
▓......AA.....A..§.
▓.............A....
▓▓......AA.........
▓.................
▓▓.§§§.###........
▓.§§§## ##.......
▓▓§§§#


You could see 5 apis, 8 daevas, 3 pearl dragons, 2 angels, 5 ophanim and 8
cherubim.

Vanquished Creatures
  A pandemonium lord (Zig:4)
  the Royal Jelly (Slime:5)
  Tiamat (Zot:5)
  6 orbs of fire (Zot:5)
  Mara (Depths:1)
  Mennas (Vaults:3)
  2 juggernauts (Zig:10)
  8 ancient liches
  A greater mummy (Zig:5)
  Bai Suzhen (Vaults:5)
  2 Killer Klowns (Zot:5)
  Saint Roka (Elf:2)
  Geryon (Hell)
  12 golden dragons
  3 curse toes
  3 profane servitors
  5 bone dragons
  13 liches
  Jorgrun (Depths:3)
  9 tentacled monstrosities
  2 electric golems
  3 deep elf blademasters
  4 quicksilver dragons
  7 titans
  14 tentacled starspawn
  22 Orb Guardians (Zot:5)
  An Executioner (Abyss:5)
  An acid blob (shapeshifter) (Depths:2)
  A kraken (Abyss:5)
  5 sphinxes
  Polyphemus (Shoals:4)
  38 acid blobs
  15 ancient champions
  11 shadow dragons
  The ghost of
  1994 the Warrior, an adept MiFi of Qazlal (Depths:1)
  5 death cobs
  Donald (Snake:4)
  13 revenants
  12 fire giants
  A fire giant (shapeshifter) (Depths:2)
  5 tengu reavers
  Ilsuiw (Shoals:4)
  Roxanne (Shoals:2)
  19 storm dragons
  11 deep elf sorcerers
  10 nagarajas
  20 azure jellies
  4 draconian scorchers
  An iron dragon (Vaults:5)
  12 frost giants
  2 draconian knights (Zot:1)
  18 vault wardens
  A ghost moth (shapeshifter) (Vaults:5)
  7 ghost moths
  A balrug (Depths:5)
  A warmonger (Zig:4)
  2 imperial myrmidons (Desolation)
  An emperor scorpion (Zig:17)
  Aizul (Shoals:1)
  10 deep elf elementalists
  9 ghouls
  A frost giant (shapeshifter) (Depths:2)
  2 orc warlords
  5 draconian shifters
  4 draconian annihilators
  A spriggan defender (Depths:3)
  18 ironheart preservers
  A draconian stormcaller (Zot:5)
  6 entropy weavers
  29 stone giants
  4 reapers
  10 war gargoyles
  A curse skull (Zig:11)
  2 blood saints (Zig:19)
  21 very ugly things
  The ghost of Mirai the Severer, a journeyman HOFi of Okawaru (Orc:2)
  14 deep elf annihilators
  9 vampire knights
  7 deep elf demonologists
  5 green draconians
  2 bennus (Zig:5)
  10 black draconians
  2 pale draconians (Depths:5)
  3 dire elephants
  8 white draconians
  11 yellow draconians
  10 eidola
  5 red draconians
  9 merfolk javelineers
  3 blizzard demons
  7 spark wasps
  6 purple draconians
  An ettin (shapeshifter) (Vaults:5)
  19 small abominations
  15 ettins
  12 crystal guardians
  8 death oozes
  14 deep elf death magi
  17 ogre magi
  4 mummy priests
  15 great orbs of eyes
  12 fire dragons
  9 merfolk impalers
  19 yaktaur captains
  14 jiangshi
  6 ragged hierophants (Desolation)
  Erolcha (D:12)
  6 deep elf high priests
  A great orb of eyes (shapeshifter) (Depths:2)
  5 servants of whispers (Desolation)
  10 ice dragons
  6 peacekeepers (Desolation)
  6 merfolk avatars
  2 hell beasts
  2 rakshasas
  18 naga warriors
  3 spriggan air magi
  10 hydras
  A catoblepas (Shoals:4)
  32 vault guards
  9 centaur warriors
  A ghost crab (Abyss:5)
  5 death knights
  A death yak (shapeshifter) (Zig:18)
  60 two-headed ogres
  47 dancing weapons
  2 alligator snapping turtles
  An anaconda (shapeshifter) (Zig:14)
  10 merfolk aquamancers
  26 anacondas
  A satyr (Shoals:3)
  2 queen ants (shapeshifter) (Depths:2)
  4 tengu warriors
  13 death yaks
  Urug (Lair:4)
  10 deep troll earth magi
  9 deep troll shamans
  20 vampire magi
  6 spriggan berserkers
  A titan zombie (Vaults:5)
  9 shock serpents
  15 naga sharpshooters
  9 thrashing horrors
  5 orc high priests
  2 shock serpents (shapeshifter)
  A titan skeleton (Hell)
  A sun demon (Hell)
  A storm dragon zombie (Vaults:5)
  2 iron golems (Hell)
  24 deep elf knights
  A golden dragon zombie (Hell)
  2 fire crabs (shapeshifter) (Depths:1)
  25 skeletal warriors
  A fire crab (Abyss:5)
  3 iron trolls
  7 soul eaters
  10 salamander mystics
  3 sixfirhies
  6 spatial maelstroms
  The ghost of tidbits the Martial Artist, a novice GnTm of Cheibriados (D:7)
  17 sea snakes
  9 shadow wraiths
  6 unseen horrors
  3 deep trolls (shapeshifter)
  2 hell knights
  A storm dragon skeleton (Crypt:3)
  An infernal demonspawn (Depths:1)
  7 wretched stars
  2 orange crystal statues
  An anaconda zombie (Hell)
  28 deep trolls
  10 wizards
  A shadow demon (Zig:20)
  7 flayed ghosts
  2 shadow dragon zombies
  7 naga ritualists
  A sphinx zombie (Vaults:5)
  A spriggan druid (Zig:15)
  7 glowing orange brains
  5 obsidian statues
  2 lindwurms (shapeshifter)
  16 ironbrand convokers
  21 deep elf archers
  4 lindwurms (Snake:4)
  15 wolf spiders
  15 phantasmal warriors
  3 orb spiders
  23 orc knights
  63 deep elf magi
  23 harpies
  A mana viper (shapeshifter) (Vaults:5)
  5 oklob plants
  12 mana vipers
  A stone giant zombie (Vaults:1)
  A wolf spider (shapeshifter) (Depths:2)
  8 orc sorcerers
  16 necromancers
  47 ugly things
  9 cyclopes
  16 fauns
  A fire giant zombie (Vaults:4)
  7 shining eyes
  A cyclops (shapeshifter) (Depths:2)
  A frost giant zombie (Zig:9)
  17 salamanders
  20 manticores
  9 worldbinders
  A frost giant skeleton (Crypt:2)
  21 moths of wrath
  42 black mambas
  3 apocalypse crabs
  A shock serpent zombie (Crypt:2)
  8 rust devils (Hell)
  A spriggan zombie (Zig:9)
  12 merfolk sirens
  16 guardian serpents
  The ghost of inc the Covert, a novice FeMo of Wu Jian (D:9)
  9 elephants
  A fire giant skeleton (Zig:9)
  2 moths of wrath (shapeshifter)
  8 water nymphs
  A stone giant skeleton (Zig:9)
  29 naga magi
  19 vault sentinels
  3 molten gargoyles
  An orange demon (WizLab)
  A red draconian zombie (Crypt:3)
  14 smoke demons
  A spiny frog (shapeshifter) (Elf:1)
  3 torpor snails
  9 eyes of devastation
  A rime drake (shapeshifter) (D:15)
  A torpor snail (shapeshifter) (Zig:18)
  5 spectral swamp worms (Depths:4)
  7 rime drakes
  8 spiny frogs
  3 hellions
  18 freezing wraiths
  A spriggan skeleton (Zig:9)
  45 yaktaurs
  6 gargoyles
  A white draconian zombie (Crypt:1)
  An alligator snapping turtle skeleton (Crypt:3)
  9 demonic crawlers
  2 human skeletons
  9 komodo dragons
  10 guardian mummies (Crypt:3)
  A yaktaur (shapeshifter) (Depths:3)
  4 ice devils
  3 red devils
  A tengu conjurer (Depths:1)
  A troll (shapeshifter) (D:13)
  3 efreet
  7 jumping spiders
  11 trolls
  2 queen bees (shapeshifter)
  A tyrant leech (shapeshifter) (Depths:2)
  2 meliai (shapeshifter)
  2 hydra zombies
  43 saltlings (Desolation)
  A wolf spider simulacrum (Crypt:3)
  2 queen ant zombies (Crypt:1)
  20 hornets
  11 polar bears
  2 jumping spiders (shapeshifter)
  53 merfolk
  Prince Ribbit (D:9)
  8 ancient zymes
  A tengu simulacrum (Vaults:3)
  6 wind drakes
  A harpy skeleton (D:13)
  117 slime creatures
  A fire dragon zombie (Hell)
  2 bog bodies (Crypt:3)
  16 blink frogs
  A hydra skeleton (Hell)
  A stone giant simulacrum (Vaults:2)
  16 snapping turtles
  16 dream sheep
  A hippogriff (shapeshifter) (Vaults:4)
  21 hippogriffs
  14 raiju
  7 flying skulls
  An ice dragon skeleton (Crypt:2)
  An alligator skeleton (Hell)
  A shadow (Abyss:3)
  4 tarantellas
  A spriggan (shapeshifter) (Abyss:5)
  2 redbacks (shapeshifter)
  3 air elementals
  A ynoxinul (Abyss:5)
  11 redbacks
  22 water elementals
  9 wraiths
  23 spriggans
  9 wyverns
  A wyvern (shapeshifter) (Depths:2)
  A black mamba skeleton (Hell)
  8 ushabtiu
  8 vampires
  An orc simulacrum (Vaults:1)
  30 large abominations
  19 yaks
  16 golden eyes
  10 basilisks
  18 fire elementals
  3 steam dragons (Depths:5)
  9 neqoxecs
  7 chaos spawn
  11 vampire mosquitoes (D:12)
  A glowing shapeshifter zombie (Crypt:2)
  8 spatial vortices
  64 nagas
  7 wargs
  8 insubstantial wisps
  2 spiny frog zombies
  4 acid dragons
  5 hell hounds
  An orb spider zombie (Crypt:3)
  2 hydra simulacra (Hell)
  21 water moccasins
  A two-headed ogre skeleton (Crypt:2)
  2 floating eyes
  A water moccasin (shapeshifter) (Depths:2)
  11 porcupines
  6 sky beasts
  22 black bears
  3 necrophages
  61 orc warriors
  3 ice beasts
  A black bear (shapeshifter) (Elf:3)
  An orc zombie (Vaults:1)
  An ettin simulacrum (Crypt:3)
  53 ogres
  24 boggarts
  15 eyes of draining
  A manticore zombie (Hell)
  2 phantoms
  2 eyes of draining (shapeshifter)
  A snapping turtle skeleton (Crypt:3)
  22 wolves
  The ghost of grindst0ne the Chopper, an amateur DsGl (D:3)
  2 human zombies (Vaults:4)
  27 centaurs
  19 crocodiles
  A swamp dragon skeleton (Hell)
  4 elf zombies (Elf:1)
  A hog skeleton (Crypt:1)
  A komodo dragon zombie (Crypt:1)
  7 big kobolds
  13 bullfrogs
  2 gnoll sergeants
  A human simulacrum (Vaults:3)
  12 earth elementals
  A glowing shapeshifter simulacrum (Vaults:5)
  A water moccasin zombie (D:7)
  3 scorpions
  3 shapeshifter zombies
  11 wights
  A yak zombie (Crypt:2)
  6 killer bees (D:10)
  A tengu skeleton (Depths:1)
  2 electric eels (Elf:3)
  14 crimson imps
  2 howler monkeys
  A wolf zombie (Crypt:2)
  2 bullfrog zombies
  3 centaur zombies
  23 starcursed masses
  2 quasits
  A wolf skeleton (Crypt:1)
  3 hounds
  A jelly (shapeshifter) (Vaults:5)
  A yaktaur simulacrum (Depths:1)
  6 jellies
  19 orc priests
  3 iron imps
  15 orc wizards
  3 centaur skeletons
  Jessica (D:3)
  Ijyb (D:3)
  Natasha (D:2)
  A black bear skeleton (Crypt:1)
  2 iguanas
  9 worker ants
  4 hell rats (Hell)
  A lightning spire (Zig:6)
  A killer bee zombie (D:9)
  A tengu zombie (Crypt:2)
  A centaur simulacrum (Crypt:3)
  A naga skeleton (Crypt:3)
  An ogre skeleton (Crypt:3)
  A hound zombie (D:7)
  2 hound skeletons
  4 mummies (Zig:5)
  Robin (D:4)
  8 gnolls
  13 adders
  5 shadow imps
  A swamp drake skeleton (Crypt:1)
  4 white imps
  3 ufetubi (Depths:1)
  8 oozes
  A halfling skeleton (Crypt:3)
  2 worms
  5 ball lightnings (Depths:2)
  A dart slug (D:2)
  A leopard gecko (D:3)
  80 orcs
  A ball python (D:1)
  4 bats
  A bat skeleton (Crypt:2)
  5 giant cockroaches
  16 goblins
  16 hobgoblins
  12 jackals
  40 kobolds
  7 quokkas
  2 frilled lizards
  A giant cockroach zombie (D:6)
  A goblin skeleton (Crypt:3)
  A kobold skeleton (Crypt:2)
  A leopard gecko skeleton (Crypt:3)
  2 quokka skeletons
  5 rats
  2 bushes (Lair:6)
  A crawling corpse (Vaults:1)
  A fire vortex (Depths:4)
  3 fungi
  11 pillars of salt (Vaults:2)
  8 plants
  18 starspawn tentacles
3548 creatures vanquished.

Vanquished Creatures (collateral kills)
  2 orbs of fire (Zot:5)
  A juggernaut (Zig:10)
  A golden dragon (Zot:5)
  A caustic shrike (Zig:15)
  A lich (Zig:19)
  2 electric golems (Zot:3)
  A hellephant (Zig:15)
  A tentacled monstrosity (Zot:3)
  3 Orb Guardians (Zot:5)
  A quicksilver dragon (Zot:5)
  A sphinx (Zig:18)
  A death cob (Zot:3)
  A shadow dragon (Zot:4)
  2 storm dragons (Zot:4)
  A draconian monk (Zot:1)
  3 fire giants (Zig:18)
  A nagaraja (Zig:19)
  2 deep elf sorcerers (Zig:19)
  2 ironheart preservers (Zig:18)
  2 draconian annihilators
  An entropy weaver (Zig:8)
  A green draconian (Zot:4)
  A deep elf annihilator (Zig:19)
  A dire elephant (Zig:19)
  A yellow draconian (Zot:1)
  A merfolk javelineer (Zig:21)
  A minotaur (Lab)
  An ettin (Zig:14)
  3 merfolk impalers (Zig:21)
  A yaktaur captain (Zig:14)
  2 starcursed masses
  2 hydras (Zig:15)
  An ogre mage (Zig:14)
  2 merfolk aquamancers (Zig:21)
  A vampire mage (Zig:11)
  3 sea snakes (Zig:21)
  A harpy (Zig:21)
  4 orb spiders (Zig:17)
  A shambling mangrove (Abyss:5)
  A mana viper (Zig:6)
  An ironbrand convoker (Zig:14)
  A deep elf mage (Zig:7)
  A wolf spider (Zig:18)
  A mana viper (shapeshifter) (Zig:18)
  2 manticores (Zig:21)
  4 moths of wrath
  2 merfolk sirens (Zig:21)
  A naga mage (Zig:19)
  3 water nymphs (Zig:21)
  A spiny frog (Zig:15)
  A komodo dragon (Zig:15)
  A demonic crawler (Zig:17)
  A yaktaur (shapeshifter) (Zig:18)
  5 jumping spiders (Zig:17)
  6 merfolk (Zig:21)
  A blink frog (shapeshifter) (Zig:18)
  A raiju (Abyss:5)
  A blink frog (Zig:15)
  2 tarantellas (Zig:17)
  A redback (Zig:17)
  A yak (Zig:15)
  A water moccasin (Zig:15)
  2 small abominations (Abyss:5)
  2 orc warriors (Zig:10)
103 creatures vanquished.

Vanquished Creatures (others)
  2 deep elf master archers (Elf:3)
  An eldritch tentacle (WizLab)
  A blood saint (Zig:19)
  2 merfolk javelineers
  A thrashing horror (Abyss:5)
  A naga sharpshooter (Snake:3)
  A naga ritualist (Snake:4)
  An ugly thing (Depths:2)
  2 moths of wrath (Zot:5)
  2 black mambas
  A naga mage (Snake:4)
  A water nymph (Zig:21)
  A titan simulacrum (Hell)
  4 yaktaurs
  A large abomination (Zig:20)
  An ice dragon zombie (Depths:1)
  A wyvern (shapeshifter) (Depths:3)
  6 water elementals
  4 air elementals (Depths:2)
  A golden eye (Slime:5)
  A golden eye (shapeshifter) (Depths:2)
  A fire elemental (Depths:2)
  A boggart (shapeshifter) (Depths:2)
  A centaur (D:15)
  3 boggarts
  A small abomination (Zig:20)
  A white imp (Depths:1)
  5 ball lightnings (Depths:2)
  35 fungi
  13 plants
  27 starspawn tentacles
  4 tentacles (Abyss:5)
  8 toadstools (D:4)
136 creatures vanquished.

Grand Total: 3787 creatures vanquished

Notes
Turn   | Place    | Note
-------+----------+-------------------------------------------
     0 | D:1      | grindst0ne the Gargoyle Berserker began the quest for the Orb.
     0 | D:1      | Reached XP level 1. HP: 14/14 MP: 1/1
   125 | D:1      | Reached XP level 2. HP: 19/19 MP: 2/2
   131 | D:1      | Reached skill level 3 in Axes
   517 | D:2      | Reached XP level 3. HP: 19/24 MP: 3/3
   668 | D:2      | Reached ** piety under Trog
  1262 | D:2      | Reached XP level 4. HP: 30/30 MP: 4/4
  1428 | D:3      | Noticed Natasha
  1436 | D:2      | Killed Natasha
  1563 | D:3      | Reached skill level 4 in Axes
  1678 | D:3      | Reached XP level 5. HP: 32/34 MP: 5/5
  1692 | D:3      | Noticed grindst0ne's ghost (amateur DsGl)
  1694 | D:3      | Noticed Jessica
  1695 | D:3      | Killed grindst0ne's ghost
  1695 | D:3      | Reached skill level 5 in Fighting
  1701 | D:3      | Killed Jessica
  1701 | D:3      | Reached XP level 6. HP: 40/40 MP: 6/6
  1821 | D:3      | Noticed Ijyb
  1837 | D:3      | Reached *** piety under Trog
  1842 | D:3      | Killed Ijyb
  2493 | D:4      | Reached skill level 5 in Axes
  2920 | D:4      | Reached XP level 7. HP: 47/47 MP: 7/7
  3285 | D:4      | Found a staircase to the Ecumenical Temple.
  3396 | D:4      | Reached **** piety under Trog
  3741 | D:4      | Found Loll's Antique Armour Emporium.
  3742 | D:4      | Noticed Robin
  3752 | D:4      | Killed Robin
  4177 | D:5      | Entered Level 5 of the Dungeon
  4424 | D:5      | Found a stormy altar of Qazlal.
  4503 | D:5      | Found a deep blue altar of Sif Muna.
  4527 | D:5      | Found a burning altar of Makhleb.
  4764 | D:5      | Found a shadowy altar of Dithmenos.
  4919 | D:5      | Reached XP level 8. HP: 54/54 MP: 8/8
  5102 | D:6      | Reached skill level 6 in Axes
  5232 | D:6      | Found an ancient bone altar of Kikubaaqudgha.
  5232 | D:6      | Found a bloodstained altar of Trog.
  5232 | D:6      | Found a basalt altar of Yredelemnul.
  5232 | D:6      | Found a sparkling altar of Nemelex Xobeh.
  5237 | D:6      | Found an opulent altar of Gozag.
  5237 | D:6      | Found a glowing silver altar of Zin.
  5405 | D:6      | Reached skill level 1 in Evocations
  6038 | D:7      | Found Teng's Distillery.
  6047 | D:7      | Bought a potion of heal wounds for 50 gold pieces
  6047 | D:7      | Bought a potion of heal wounds for 50 gold pieces
  6047 | D:7      | Bought a potion of ambrosia for 80 gold pieces
  6047 | D:7      | Bought a potion of brilliance for 40 gold pieces
  6047 | D:7      | Bought a potion of curing for 30 gold pieces
  6047 | D:7      | Bought a potion of curing for 30 gold pieces
  6047 | D:7      | Bought a potion of mutation for 80 gold pieces
  6411 | D:7      | Reached XP level 9. HP: 61/62 MP: 11/11
  6480 | D:7      | Noticed tidbits's ghost (novice GnTm)
  6489 | D:7      | Killed tidbits's ghost
  6489 | D:7      | Reached skill level 10 in Fighting
  6909 | D:7      | Found a hide-covered altar of Uskayaw.
  7221 | D:8      | Reached ***** piety under Trog
  7312 | D:8      | Reached skill level 5 in Evocations
  8026 | D:8      | Found a staircase to the Lair.
  8055 | D:9      | Noticed a troll
  8060 | D:9      | Killed a troll
  8060 | D:9      | Reached XP level 10. HP: 70/70 MP: 14/14
  8062 | D:9      | Found a stormy altar of Qazlal.
  8079 | D:9      | Noticed Prince Ribbit
  8089 | D:9      | Found a blossoming altar of Fedhas.
  8094 | D:9      | Killed Prince Ribbit
  8448 | D:9      | Noticed inc's ghost (novice FeMo)
  8458 | D:9      | Killed inc's ghost
  8643 | D:9      | Noticed a two-headed ogre
  8647 | D:9      | Killed a two-headed ogre
  8959 | D:10     | Entered Level 10 of the Dungeon
  8960 | D:10     | Noticed a two-headed ogre
  8963 | D:10     | Noticed a two-headed ogre
  8964 | D:10     | Killed a two-headed ogre
  8967 | D:10     | Killed a two-headed ogre
  9087 | D:10     | Found a runed door.
  9118 | D:10     | Found a runed door.
  9118 | D:10     | Found a runed door.
  9227 | D:10     | Reached XP level 11. HP: 80/80 MP: 15/15
 10110 | Lair:1   | Entered Level 1 of the Lair of Beasts
 10733 | Lair:1   | Reached skill level 15 in Fighting
 10905 | Lair:1   | Received a gift from Trog
 10907 | Lair:1   | Reached skill level 5 in Armour
 11488 | Lair:2   | Reached skill level 7 in Axes
 11936 | Lair:2   | Found a staircase to the Shoals.
 12121 | Lair:2   | Reached XP level 12. HP: 70/87 MP: 5/16
 12146 | Lair:2   | Found a staircase to the Snake Pit.
 12267 | Lair:2   | Reached skill level 8 in Axes
 12783 | Lair:3   | Noticed a seven-headed hydra
 12783 | Lair:3   | Noticed a death yak
 12783 | Lair:3   | Noticed a death yak
 12785 | Lair:3   | Noticed a death yak
 13257 | Lair:3   | Killed a seven-headed hydra
 13384 | Lair:3   | Reached skill level 10 in Armour
 13394 | Lair:3   | Found a shimmering altar of Xom.
 13702 | Lair:2   | Killed a death yak
 13710 | Lair:3   | Killed a death yak
 13716 | Lair:3   | Killed a death yak
 13716 | Lair:3   | Reached skill level 9 in Axes
 14058 | Lair:4   | Received a gift from Trog
 14328 | Lair:4   | Noticed an eight-headed hydra
 14331 | Lair:4   | Killed an eight-headed hydra
 14601 | Lair:4   | Reached XP level 13. HP: 74/92 MP: 5/17
 15096 | Lair:4   | Noticed Urug
 15120 | Lair:4   | Killed Urug
 15900 | Lair:5   | Reached skill level 10 in Axes
 16023 | Lair:5   | Found a staircase to the Slime Pits.
 16854 | Lair:6   | Entered Level 6 of the Lair of Beasts
 17109 | Lair:5   | Identified a scroll of acquirement
 17659 | Lair:6   | Received a gift from Trog
 17806 | Lair:6   | Reached skill level 11 in Axes
 17806 | Lair:6   | Gained mutation: Your large and strong wings let you fly indefinitely. [Gargoyle growth]
 17806 | Lair:6   | Reached XP level 14. HP: 83/98 MP: 6/18
 17851 | Lair:6   | Reached skill level 15 in Armour
 18424 | Lair:6   | Reached ****** piety under Trog
 19589 | D:11     | Found a labyrinth entrance.
 19598 | Lab      | Entered a labyrinth
 19934 | Lab      | Reached skill level 12 in Axes
 19938 | Lab      | Got a sparkling pewter ring
 19940 | Lab      | Identified the cursed ring of Hard Scrabble {rPois rF+ rC+ EV-3} (You found it in a labyrinth)
 20048 | Lab      | Identified the Guide on the Ghastly Escort
 20048 | Lab      | Identified the Catalogue of Unstable Damage Dealing
 20154 | D:11     | Found a staircase to the Orcish Mines.
 20359 | D:11     | Received a gift from Trog
 20721 | D:12     | Noticed Erolcha
 20821 | D:11     | Reached XP level 15. HP: 82/103 MP: 6/19
 21269 | D:12     | Killed Erolcha
 21452 | D:12     | Reached skill level 13 in Axes
 22511 | D:13     | Found a gate to the Vaults.
 23754 | D:14     | Found Zoitunes's Jewellery Shop.
 23864 | D:15     | Entered Level 15 of the Dungeon
 23887 | D:15     | Received a gift from Trog
 24455 | D:15     | Found a staircase to the Depths.
 24762 | D:15     | Reached skill level 14 in Axes
 25061 | D:15     | Found an iron altar of Okawaru.
 25330 | Orc:1    | Entered Level 1 of the Orcish Mines
 25741 | Orc:2    | Entered Level 2 of the Orcish Mines
 26599 | Orc:2    | Found a staircase to the Elven Halls.
 26736 | Orc:2    | Found Ruestyne's Book Boutique.
 26736 | Orc:2    | Found Piom's Jewellery Shoppe.
 26736 | Orc:2    | Found Bisuf's Jewellery Emporium.
 26784 | Orc:2    | Found Aphow's Magic Scroll Shop.
 26797 | Orc:2    | Bought a scroll of enchant armour for 112 gold pieces
 26797 | Orc:2    | Bought a scroll of enchant armour for 112 gold pieces
 26797 | Orc:2    | Bought a scroll of enchant weapon for 112 gold pieces
 26797 | Orc:2    | Bought a scroll of blinking for 112 gold pieces
 26802 | Orc:2    | Bought the ring of the Mage {Wiz MR++ Int+3} for 672 gold pieces
 26802 | Orc:2    | Found the ring of the Mage {Wiz MR++ Int+3}
 26913 | D:14     | Bought the brooch of Shielding {Reflect SH+8} for 1169 gold pieces
 26913 | D:14     | Found the brooch of Shielding {Reflect SH+8}
 27046 | D:8      | Reached XP level 16. HP: 108/108 MP: 6/20
 27149 | Snake:1  | Entered Level 1 of the Snake Pit
 27571 | Snake:1  | Found Ywoargh's Weapon Emporium.
 28073 | Snake:1  | Reached skill level 15 in Axes
 28084 | Snake:1  | Received a gift from Trog
 28216 | Snake:1  | Found Nydau's Gadget Boutique.
 28218 | Snake:1  | Found Qionnes's Jewellery Shoppe.
 28219 | Snake:1  | Found Sair's Gadget Boutique.
 29919 | Snake:3  | Reached skill level 16 in Axes
 30214 | Snake:3  | Noticed a nagaraja
 30223 | Snake:3  | Received a gift from Trog
 30235 | Snake:3  | Killed a nagaraja
 30505 | Snake:3  | Found a stormy altar of Qazlal.
 30691 | Snake:3  | Reached XP level 17. HP: 113/113 MP: 7/21
 31525 | Snake:4  | Entered Level 4 of the Snake Pit
 31543 | Snake:4  | Reached skill level 17 in Axes
 31974 | Snake:4  | Noticed Donald
 31975 | Snake:4  | Received a gift from Trog
 32042 | Snake:4  | Killed Donald
 33440 | Snake:4  | Reached skill level 18 in Axes
 33444 | Snake:4  | Received a gift from Trog
 33744 | Snake:4  | Reached XP level 18. HP: 119/119 MP: 7/22
 34896 | Snake:4  | Received a gift from Trog
 34929 | Snake:4  | Got a serpentine rune of Zot
 35122 | Shoals:1 | Entered Level 1 of the Shoals
 35159 | Shoals:1 | Noticed Aizul
 35173 | Shoals:1 | Killed Aizul
 35560 | Shoals:1 | Reached skill level 19 in Axes
 35983 | Shoals:2 | Noticed Roxanne
 36003 | Shoals:2 | Killed Roxanne
 36004 | Shoals:2 | Identified Roxanne's Papyrus of Shape Shifting (You took it off Roxanne on level 2 of the Shoals)
 37658 | Shoals:3 | Received a gift from Trog
 37820 | Shoals:3 | Reached XP level 19. HP: 72/124 MP: 7/23
 38953 | Shoals:4 | Entered Level 4 of the Shoals
 39001 | Shoals:4 | Reached skill level 20 in Axes
 39134 | Shoals:4 | Noticed Ilsuiw
 39157 | Shoals:4 | Killed Ilsuiw
 39632 | Shoals:4 | Noticed Polyphemus
 39649 | Shoals:4 | Killed Polyphemus
 40381 | Shoals:4 | Got a barnacled rune of Zot
 40858 | Vaults:1 | Entered Level 1 of the Vaults
 40908 | Vaults:1 | Noticed a Tzitzimitl
 40910 | Vaults:1 | Noticed a Hell Sentinel
 41337 | Vaults:1 | Received a gift from Trog
 41349 | Vaults:1 | Got a bloodstained executioner's axe {god gift}
 41358 | Vaults:1 | Identified the +10 executioner's axe of Accord {speed, +Inv rF+ Int+7} (Trog gifted it to you on level 1 of the Vaults)
 41526 | Vaults:1 | Found Woliema's Magic Scroll Shoppe.
 41539 | Vaults:1 | Bought a scroll of enchant weapon for 142 gold pieces
 41539 | Vaults:1 | Bought a scroll of blinking for 142 gold pieces
 41539 | Vaults:1 | Bought a scroll of teleportation for 57 gold pieces
 41539 | Vaults:1 | Bought a scroll of teleportation for 57 gold pieces
 41539 | Vaults:1 | Bought a scroll of teleportation for 57 gold pieces
 41570 | Vaults:1 | Reached XP level 20. HP: 90/129 MP: 24/24
 41670 | Vaults:1 | Found Sezerroq's Magic Scroll Emporium.
 41677 | Vaults:1 | Bought a scroll of fear for 49 gold pieces
 41677 | Vaults:1 | Bought a scroll of enchant armour for 105 gold pieces
 42298 | Vaults:1 | Reached skill level 21 in Axes
 42463 | Vaults:1 | Found Gysyxag's Food Shoppe.
 42786 | Vaults:2 | Found a ruined gateway.
 42801 | Vaults:2 | Received a gift from Trog
 42807 | Desolati | Entered the Desolation of Salt
 43046 | Desolati | Got a faintly glowing platinum ring
 43047 | Desolati | Identified the Compendium of Space
 43049 | Desolati | Identified the Almanac of Icy Poison
 43052 | Desolati | Identified the ring of Baethruri {rPois rF+ rN+ MP+9 Dex+3} (You found it in the Desolation of Salt)
 43089 | Desolati | Got a twitching silver ring
 43095 | Desolati | Got a warped granite ring
 43098 | Desolati | Identified the ring of Xayna {rF+ rC+ Stlth+} (You found it in the Desolation of Salt)
 43099 | Desolati | Identified the ring of Maraucost {Fire rElec rN+ Str-3 SInv} (You found it in the Desolation of Salt)
 43186 | Desolati | Got a glittering copper ring
 43187 | Desolati | Identified the ring of Yliq {rPois rF- rN+ Slay+2} (You found it in the Desolation of Salt)
 43323 | Desolati | Identified the Grimoire of Lethal Snow
 43342 | Desolati | Got a heavily runed lapis lazuli ring
 43343 | Desolati | Identified the ring "Wysanups" {rElec rC+ Int-5 Dex+6} (You found it in the Desolation of Salt)
 43373 | Desolati | Received a gift from Trog
 43379 | Desolati | Identified Voggapso's Handbook of the Unstable Blaze
 43934 | Vaults:2 | Reached skill level 5 in Dodging
 43957 | Vaults:2 | Found Vojar's General Store.
 44012 | Vaults:2 | Bought a potion of mutation for 144 gold pieces
 44012 | Vaults:2 | Bought a potion of heal wounds for 90 gold pieces
 44109 | Vaults:2 | Received a gift from Trog
 44121 | Vaults:2 | Found a staircase to the Crypt.
 44132 | Vaults:2 | Reached XP level 21. HP: 136/136 MP: 25/25
 44661 | Vaults:2 | Received a gift from Trog
 44687 | Vaults:2 | Reached skill level 22 in Axes
 45207 | Vaults:3 | Found Unoukegg's Weapon Shoppe.
 45752 | Vaults:3 | Received a gift from Trog
 46053 | Vaults:3 | Noticed Mennas
 46092 | Vaults:3 | Killed Mennas
 46688 | D:7      | Fell from the grace of Trog
 46688 | D:7      | Became a worshipper of Uskayaw the Reveler
 46695 | D:7      | Learned a level 2 spell: Blink
 46702 | D:7      | Learned a level 6 spell: Death Channel
 46857 | D:12     | Learned a level 4 spell: Animate Dead
 46861 | D:12     | Learned a level 3 spell: Regeneration
 47190 | Vaults:4 | Reached * piety under Uskayaw
 47191 | Vaults:4 | Reached ** piety under Uskayaw
 47192 | Vaults:4 | Reached *** piety under Uskayaw
 47193 | Vaults:4 | Reached skill level 1 in Translocations
 47193 | Vaults:4 | Reached skill level 1 in Invocations
 47193 | Vaults:4 | Reached **** piety under Uskayaw
 47647 | Vaults:4 | Reached ***** piety under Uskayaw
 47651 | Vaults:4 | Reached ****** piety under Uskayaw
 47754 | Vaults:4 | Reached skill level 5 in Translocations
 47754 | Vaults:4 | Reached XP level 22. HP: 131/144 MP: 26/26
 48215 | Vaults:4 | Reached skill level 5 in Invocations
 49925 | Elf:1    | Entered Level 1 of the Elven Halls
 50415 | Elf:1    | Got a pair of twisted boots
 50426 | Elf:1    | Identified the +3 pair of boots of a ziggurat {rElec rPois rN+ SInv} (You acquired it on level 1 of the Elven Halls)
 50431 | Elf:1    | Got a polished cloak
 50442 | Elf:1    | Identified the +0 cloak of Ovoa {Regen+ rCorr Int+8 Stlth+} (You acquired it on level 1 of the Elven Halls)
 50799 | Elf:1    | Found a portal to a secret trove of treasure.
 51198 | Elf:1    | Identified the Incunabulum of Necromancy
 51381 | Elf:2    | Reached skill level 10 in Translocations
 51684 | Elf:2    | Found a runed gate.
 51686 | Elf:2    | Found a runed gate.
 51689 | Elf:2    | Found a runed gate.
 51812 | Elf:2    | Found a runed door.
 51876 | Elf:2    | Noticed Saint Roka
 51885 | Elf:2    | Killed Saint Roka
 51885 | Elf:2    | Reached skill level 10 in Invocations
 51885 | Elf:2    | Reached XP level 23. HP: 149/149 MP: 30/30
 52143 | Elf:2    | Reached skill level 1 in Necromancy
 52588 | Elf:3    | Entered Level 3 of the Elven Halls
 53784 | Elf:3    | Got a bound iron ring
 53826 | Elf:3    | Reached skill level 5 in Necromancy
 54145 | Elf:3    | Got a flickering tin ring
 54941 | Elf:3    | Got a pitted lead ring
 54999 | Elf:3    | Identified the ring "Zaseypiwk" {*Corrode rPois rC+ MP+9 Dex+3} (You took it off a deep elf mage on level 3 of the Elven Halls)
 55000 | Elf:3    | Identified the ring of Eternal Harmony {rN++ MR- AC+2 Dex+2 SInv} (You took it off a deep elf mage on level 3 of the Elven Halls)
 55001 | Elf:3    | Identified the ring "Focaituch" {*Drain rN+ MP+9 Str+4} (You took it off a deep elf sorcerer on level 3 of the Elven Halls)
 55365 | Elf:3    | Found the +11 mace of Variability {chaos}
 55702 | Elf:3    | Learned a level 5 spell: Borgnjor's Vile Clutch
 55710 | Elf:3    | Was forgiven by Trog
 56148 | Crypt:1  | Entered Level 1 of the Crypt
 56218 | Crypt:1  | Reached skill level 1 in Charms
 56863 | Crypt:2  | Found a magical portal.
 56870 | WizLab   | Entered The Roulette of Golubria
 56870 | WizLab   | Found a transporter.
 56873 | WizLab   | Found a corrupted altar of Lugonu.
 56874 | WizLab   | Found the +2 ratskin cloak {+Rats rPois rN+ Str-1 Int-1 Dex+1}
 56932 | WizLab   | Found a transporter.
 56946 | WizLab   | Found a transporter.
 56979 | WizLab   | Found a transporter.
 57026 | WizLab   | Found a transporter.
 57050 | WizLab   | Found a transporter.
 57128 | WizLab   | Reached XP level 24. HP: 124/156 MP: 10/32
 57139 | WizLab   | Found a transporter.
 57207 | WizLab   | Found a transporter.
 57207 | WizLab   | Found a transporter.
 57233 | WizLab   | Found a transporter.
 57233 | WizLab   | Found a transporter.
 57263 | WizLab   | Found a transporter.
 57263 | WizLab   | Found a transporter.
 57278 | WizLab   | Found a corrupted altar of Lugonu.
 57292 | WizLab   | Found a transporter.
 57292 | WizLab   | Found a transporter.
 57362 | WizLab   | Found a transporter.
 57362 | WizLab   | Found a transporter.
 57397 | WizLab   | Found a transporter.
 57576 | WizLab   | Identified the Reference Book on Translocation
 57590 | WizLab   | Identified the +0 cloak "Riorch Nouj" {rElec rN+} (You found it in a wizard's laboratory)
 57597 | WizLab   | Identified the +0 cloak "Sogiam" {rPois rC++} (You found it in a wizard's laboratory)
 57628 | WizLab   | Found a transporter.
 57628 | WizLab   | Found a transporter.
 58272 | Crypt:2  | Found an ancient bone altar of Kikubaaqudgha.
 58278 | Crypt:2  | Identified the Incunabulum of Sinister Secrets
 58491 | Crypt:3  | Entered Level 3 of the Crypt
 58514 | Crypt:3  | Reached skill level 10 in Necromancy
 59260 | Crypt:3  | Found a staircase to the Tomb.
 59359 | Crypt:3  | Reached skill level 15 in Invocations
 59982 | Crypt:3  | Noticed an ancient lich
 59992 | Crypt:3  | Killed an ancient lich
 59995 | Crypt:3  | Reached XP level 25. HP: 75/160 MP: 11/35
 60492 | Crypt:3  | Found an ancient bone altar of Kikubaaqudgha.
 60495 | Crypt:3  | Found a basalt altar of Yredelemnul.
 60511 | Crypt:3  | Identified the Tome of Sinister Rites
 61050 | Depths:1 | Entered Level 1 of the Depths
 61060 | Depths:1 | Reached skill level 1 in Earth Magic
 61190 | Depths:1 | Noticed Mara
 61195 | Depths:1 | Noticed grindst0ne's illusion
 61204 | Depths:1 | Killed Mara
 61426 | Depths:1 | Found a one-way gate leading to the halls of Pandemonium.
 61428 | Depths:1 | Gained mutation: Your spells are a little harder to cast, but a little more powerful. [a neqoxec]
 61459 | Depths:1 | Noticed 1994's ghost (adept MiFi)
 61494 | Depths:1 | Killed 1994's ghost
 61530 | Depths:1 | Reached skill level 5 in Earth Magic
 61539 | Depths:1 | Reached skill level 5 in Charms
 61930 | Depths:1 | Found a gateway to Hell.
 62100 | Depths:1 | Found a corrupted altar of Lugonu.
 62101 | Depths:1 | Found a one-way gate to the infinite horrors of the Abyss.
 63161 | Depths:2 | Found the +8 mithril axe "Arga" {speed, MR+}
 64179 | Depths:3 | Reached XP level 26. HP: 93/166 MP: 36/36
 64962 | Depths:3 | Found Utroeruu's Assorted Antiques.
 64964 | Depths:3 | Found Zohook's Antique Armour Emporium.
 64967 | Depths:3 | Found Nosav's Book Shoppe.
 65215 | Depths:3 | Noticed Jorgrun
 65225 | Depths:3 | Killed Jorgrun
 65470 | Depths:3 | Identified the +0 helmet of Crawling {rElec Str+2} (You found it on level 3 of the Depths)
 66170 | Depths:4 | Reached skill level 10 in Earth Magic
 66971 | Depths:5 | Entered Level 5 of the Depths
 66971 | Depths:5 | Found a gateway to a ziggurat.
 67801 | Depths:5 | Reached XP level 27. HP: 159/171 MP: 37/37
 68325 | Depths:5 | Found a gate to the Realm of Zot.
 68937 | Orc:2    | Noticed Mirai's ghost (journeyman HOFi)
 68949 | Orc:2    | Killed Mirai's ghost
 68980 | Orc:2    | Bought the ring "Baxzieru" {Wiz *Corrode rPois rN+} for 517 gold pieces
 69477 | Vaults:5 | Entered Level 5 of the Vaults
 70157 | Vaults:5 | Noticed Bai Suzhen
 70171 | Vaults:5 | Killed Bai Suzhen
 70508 | Vaults:5 | Identified the cursed +0 plate armour "Bosu" {+Inv rF+} (You took it off a vault guard on level 5 of the Vaults)
 70582 | Vaults:5 | Got a slimy diamond amulet
 70583 | Vaults:5 | Identified the amulet of the Evening {Reflect +Fly Str+4 Int-3 Slay+2 SH+5} (You acquired it on level 5 of the Vaults)
 70753 | Vaults:5 | Noticed an ancient lich
 70764 | Vaults:5 | Killed an ancient lich
 70890 | Vaults:5 | Reached skill level 15 in Earth Magic
 71272 | Vaults:5 | Identified the Grimoire of the Venomous Snowflakes
 71319 | Vaults:5 | Got a silver rune of Zot
 72319 | Zot:1    | Entered Level 1 of the Realm of Zot
 72361 | Zot:1    | Reached skill level 1 in Spellcasting
 73369 | Zot:2    | Reached skill level 5 in Spellcasting
 73745 | Zot:2    | Found the ring of Shadows {Umbra +Inv Stlth+}
 74433 | Zot:3    | Reached skill level 15 in Translocations
 75612 | Zot:5    | Entered Level 5 of the Realm of Zot
 75768 | Zot:5    | Found Givilim's Changing Room.
 75784 | Zot:5    | Bought a potion of lignification for 63 gold pieces
 75784 | Zot:5    | Bought a potion of mutation for 168 gold pieces
 76010 | Zot:5    | Reached skill level 23 in Axes
 76021 | Zot:5    | Noticed an ancient lich
 76038 | Zot:5    | Noticed Tiamat
 76240 | Zot:5    | Killed Tiamat
 76319 | Zot:5    | Noticed an ancient lich
 76337 | Zot:5    | Killed an ancient lich
 76364 | Zot:5    | Noticed an orb of fire
 76364 | Zot:5    | Noticed an orb of fire
 76368 | Zot:5    | Gained mutation: Potions are less effective at restoring your health. [an orb of fire]
 76394 | Zot:5    | Gained mutation: You expend magic power (3 MP) to strengthen your wands. [an orb of fire]
 76408 | Zot:5    | Killed an orb of fire
 76513 | Zot:5    | Noticed an orb of fire
 76523 | Zot:5    | Noticed an orb of fire
 76532 | Zot:5    | Gained mutation: Your body sometimes deteriorates upon taking damage. [an orb of fire]
 76534 | Zot:5    | Gained mutation: You are partially covered in rugged brown scales. (AC +1, +3% HP) [an orb of fire]
 76537 | Zot:5    | Killed an orb of fire
 76539 | Zot:5    | Lost mutation: Your spells are a little harder to cast, but a little more powerful. [an orb of fire]
 76557 | Zot:5    | Killed an ancient lich
 76775 | Zot:5    | Gained mutation: You are partially covered in yellow scales. (AC +2) [an orb of fire]
 76779 | Zot:5    | Killed an orb of fire
 76821 | Zot:5    | Noticed an orb of fire
 76830 | Zot:5    | Gained mutation: You are frail. (-10% HP) [an orb of fire]
 76834 | Zot:5    | Killed an orb of fire
 76836 | Zot:5    | Noticed an orb of fire
 76839 | Zot:5    | Gained mutation: You are dopey. (Int -2) [an orb of fire]
 76851 | Zot:5    | Killed an orb of fire
 76950 | Zot:5    | Noticed an orb of fire
 76964 | Zot:5    | Killed an orb of fire
 77022 | Zot:5    | Noticed an orb of fire
 77040 | Zot:5    | Lost mutation: You are frail. (-10% HP) [an orb of fire]
 77041 | Zot:5    | Killed an orb of fire
 77065 | Zot:5    | Reached skill level 24 in Axes
 77067 | Zot:5    | Gained mutation: Your body often deteriorates upon taking damage. [an orb of fire]
 77070 | Zot:5    | Killed an orb of fire
 77645 | Slime:1  | Entered Level 1 of the Pits of Slime
 78293 | Slime:3  | Gained mutation: You are very dopey. (Int -4) [a shining eye]
 78298 | Slime:3  | Lost mutation: You are very dopey. (Int -4) [potion of mutation]
 78298 | Slime:3  | Lost mutation: Your body often deteriorates upon taking damage. [potion of mutation]
 78298 | Slime:3  | Lost mutation: You are partially covered in yellow scales. (AC +2) [potion of mutation]
 78298 | Slime:3  | Lost mutation: You are dopey. (Int -2) [potion of mutation]
 78298 | Slime:3  | Gained mutation: You have a pair of small antennae on your head. [potion of mutation]
 78298 | Slime:3  | Gained mutation: Your magical capacity is low. (-10% MP) [potion of mutation]
 78298 | Slime:3  | Gained mutation: You are resistant to hostile enchantments. (MR+) [potion of mutation]
 78299 | Slime:3  | Lost mutation: Your magical capacity is low. (-10% MP) [potion of mutation]
 78299 | Slime:3  | Lost mutation: Potions are less effective at restoring your health. [potion of mutation]
 78299 | Slime:3  | Gained mutation: Your flesh is cold resistant. (rC+) [potion of mutation]
 78302 | Slime:3  | Lost mutation: You have a pair of small antennae on your head. [potion of mutation]
 78302 | Slime:3  | Lost mutation: Your body sometimes deteriorates upon taking damage. [potion of mutation]
 78302 | Slime:3  | Lost mutation: Your flesh is cold resistant. (rC+) [potion of mutation]
 78302 | Slime:3  | Gained mutation: You tend to lose your temper in combat. [potion of mutation]
 78302 | Slime:3  | Gained mutation: You are agile. (Dex +2) [potion of mutation]
 78303 | Slime:3  | Lost mutation: You expend magic power (3 MP) to strengthen your wands. [potion of mutation]
 78303 | Slime:3  | Lost mutation: You are agile. (Dex +2) [potion of mutation]
 78303 | Slime:3  | Lost mutation: You tend to lose your temper in combat. [potion of mutation]
 78303 | Slime:3  | Gained mutation: You expend magic power (3 MP) to strengthen your wands. [potion of mutation]
 78303 | Slime:3  | Gained mutation: You have large cloven feet. [potion of mutation]
 78303 | Slime:3  | Gained mutation: Your mind is acute. (Int +2) [potion of mutation]
 78577 | Slime:5  | Entered Level 5 of the Pits of Slime
 78728 | Slime:5  | Noticed the Royal Jelly
 78752 | Slime:4  | Paralysed by a floating eye for 3 turns
 78942 | Slime:3  | Gained mutation: You occasionally shout uncontrollably at your foes. [a shining eye]
 79111 | Slime:5  | Killed the Royal Jelly
 79335 | Slime:5  | Got a slimy rune of Zot
 79934 | Elf:1    | You showed the slimy rune of Zot to enter a treasure trove
 79935 | Trove    | Entered a treasure trove
 79945 | Trove    | Identified the +11 crystal plate armour of the Snail {-Cast +Inv rCorr Int+3} (You found it in a treasure trove)
 79949 | Trove    | Got a warped garnet amulet
 79952 | Trove    | Identified the amulet of Yesterday {Reflect rElec rN+ MP+9 Int+4 SH+3} (You found it in a treasure trove)
 79956 | Trove    | Got a smoking silver amulet
 79957 | Trove    | Identified the amulet of the Circus Animal {Reflect rElec rPois SH+5} (You found it in a treasure trove)
 79960 | Trove    | Got a bound bronze amulet
 79961 | Trove    | Identified the amulet "Iclolukaots" {Reflect rPois rF+ Int+3 SH+4} (You found it in a treasure trove)
 79985 | Elf:1    | Lost mutation: You occasionally shout uncontrollably at your foes. [potion of mutation]
 79985 | Elf:1    | Lost mutation: You have large cloven feet. [potion of mutation]
 79985 | Elf:1    | Lost mutation: You expend magic power (3 MP) to strengthen your wands. [potion of mutation]
 79985 | Elf:1    | Lost mutation: You are partially covered in rugged brown scales. (AC +1, +3% HP) [potion of mutation]
 79985 | Elf:1    | Gained mutation: You evolve. [potion of mutation]
 79985 | Elf:1    | Gained mutation: You rapidly evolve. [potion of mutation]
 80199 | Depths:1 | Voluntarily entered the Abyss.
 80618 | Abyss:3  | Found a corrupted altar of Lugonu.
 80652 | Abyss:4  | Gained mutation: You are frail. (-10% HP) [a neqoxec]
 80672 | Abyss:5  | Entered Level 5 of the Abyss
 80783 | Abyss:5  | Reached skill level 25 in Axes
 80857 | Abyss:5  | Gained mutation: Your body sometimes deteriorates upon taking damage. [a neqoxec]
 81268 | Abyss:5  | Got an abyssal rune of Zot
 81292 | Depths:1 | Escaped the Abyss
 81309 | Hell     | Entered the Vestibule of Hell
 81309 | Hell     | Noticed Geryon
 81367 | Hell     | Killed Geryon
 81411 | Hell     | Found a gateway to the ashen valley of Gehenna.
 81530 | Hell     | Found a gateway to the decaying netherworld of Tartarus.
 81706 | Hell     | Found a gateway to the Iron City of Dis.
 81761 | Hell     | Found a gateway to the freezing wastes of Cocytus.
 82039 | Zig:1    | Entered Level 1 of a ziggurat
 82061 | Zig:2    | Entered Level 2 of a ziggurat
 82090 | Zig:3    | Entered Level 3 of a ziggurat
 82116 | Zig:4    | Entered Level 4 of a ziggurat
 82117 | Zig:4    | Noticed Apneosm the pandemonium lord
 82134 | Zig:4    | Killed Apneosm the pandemonium lord
 82209 | Zig:5    | Entered Level 5 of a ziggurat
 82213 | Zig:5    | Noticed a greater mummy
 82218 | Zig:5    | Reached skill level 26 in Axes
 82223 | Zig:5    | Killed a greater mummy
 82228 | Zig:5    | Identified Sif Muna's Guide on Flamy Orientation
 82236 | Zig:5    | Got a fine brass ring
 82237 | Zig:5    | Identified the ring of Dishonour {rCorr rPois rN+ Stlth-} (You found it on level 5 of a ziggurat)
 82249 | Zig:6    | Entered Level 6 of a ziggurat
 82281 | Zig:6    | Got a pitted iron ring
 82282 | Zig:6    | Identified the ring "Yrutigh" {rF+ AC+2 SInv} (You found it on level 6 of a ziggurat)
 82291 | Zig:7    | Entered Level 7 of a ziggurat
 82327 | Zig:7    | Identified the Grimoire of Snow and Bewitchment
 82340 | Zig:7    | Identified the ring "Rump" {rCorr rC- Str+4 Int+5} (You found it on level 7 of a ziggurat)
 82360 | Zig:8    | Entered Level 8 of a ziggurat
 82403 | Zig:8    | Identified the ring of Fedhas's Benevolence {*Drain rN+ Int+2 Dex+8} (You found it on level 8 of a ziggurat)
 82520 | Zig:9    | Entered Level 9 of a ziggurat
 82560 | Zig:9    | Identified the +3 shadow dragon scales of Zyudaut {MR+ rCorr Str+3 Stlth++++} (You found it on level 9 of a ziggurat)
 82603 | Zig:10   | Entered Level 10 of a ziggurat
 82610 | Zig:10   | Noticed a juggernaut
 82612 | Zig:10   | Noticed a juggernaut
 82613 | Zig:10   | Noticed a juggernaut
 82619 | Zig:10   | Killed a juggernaut
 82622 | Zig:10   | Killed a juggernaut
 82628 | Zig:10   | Killed a juggernaut
 82676 | Zig:10   | Identified the +2 pair of boots of the Tuna {rF- rC+ MR+} (You found it on level 10 of a ziggurat)
 82681 | Zig:10   | Identified the ring of the Magpie {rF+ AC+3 Str+2} (You found it on level 10 of a ziggurat)
 82701 | Zig:11   | Entered Level 11 of a ziggurat
 82753 | Zig:11   | Noticed an ancient lich
 82765 | Zig:11   | Killed an ancient lich
 82771 | Zig:11   | Found the ring of Robustness {AC+8}
 82805 | Zig:11   | Identified the Tome of Necromancy and Summoning
 82806 | Zig:11   | Identified the Almanac of Battle Magic
 82883 | Zig:12   | Entered Level 12 of a ziggurat
 82908 | Zig:12   | Found the ring of Phasing {EV+8}
 82949 | Zig:12   | Got a fine jade ring
 82950 | Zig:12   | Identified the ring of Ukhaple {rElec Str+2 Stlth+} (You found it on level 12 of a ziggurat)
 83045 | Zig:13   | Entered Level 13 of a ziggurat
 83054 | Zig:13   | Noticed an ancient lich
 83067 | Zig:13   | Killed an ancient lich
 83067 | Zig:13   | Reached skill level 27 in Axes
 83112 | Zig:13   | Identified the amulet of the Moon {RegenMP rC+ MP-9 Dex+7} (You found it on level 13 of a ziggurat)
 83138 | Zig:14   | Entered Level 14 of a ziggurat
 83194 | Zig:14   | Identified the Collected Works on Feathery Orientation
 83202 | Zig:14   | Learned a level 4 spell: Passage of Golubria
 83223 | Zig:15   | Entered Level 15 of a ziggurat
 83285 | Zig:15   | Found the +7 sceptre of Torment
 83296 | Zig:15   | Identified the ring of the Scavenger {rC+ Int+3} (You found it on level 15 of a ziggurat)
 83312 | Zig:15   | Identified the ring "Cibyxtad" {rPois rF+ rC+ Str+4 Int+4 Dex+2} (You found it on level 15 of a ziggurat)
 83338 | Zig:15   | Identified A Primer on Spellweaving
 83354 | Zig:16   | Entered Level 16 of a ziggurat
 83409 | Zig:16   | Identified the Compendium of Helpful Earth
 83417 | Zig:16   | Identified the Volume of Beyond
 83422 | Zig:16   | Identified the Almanac of the Three Allies
 83429 | Zig:16   | Learned a level 2 spell: Shroud of Golubria
 83449 | Zig:17   | Entered Level 17 of a ziggurat
 83515 | Zig:17   | Learned a level 2 spell: Song of Slaying
 83519 | Zig:17   | Learned a level 3 spell: Spectral Weapon
 83631 | Zig:18   | Entered Level 18 of a ziggurat
 83649 | Zig:18   | Noticed an ancient lich
 83663 | Zig:18   | Killed an ancient lich
 83768 | Zig:18   | Identified the ring "Bumni" {rPois rC- Str+6 Int+9} (You found it on level 18 of a ziggurat)
 83807 | Zig:18   | Learned a level 9 spell: Shatter
 83912 | Zig:19   | Entered Level 19 of a ziggurat
 83930 | Zig:19   | Noticed an ancient lich
 83938 | Zig:19   | Killed an ancient lich
 84198 | Zig:20   | Entered Level 20 of a ziggurat
 84250 | Zig:20   | Paralysed by accursed screaming for 1 turns
 84280 | Zig:20   | Identified the ring "Ipe Feum" {rC++ MR+} (You found it on level 20 of a ziggurat)
 84295 | Zig:20   | Identified the Compendium of Virous Earth
 84325 | Zig:21   | Entered Level 21 of a ziggurat
 84351 | Zig:21   | Found the +6 lightning scales {run, rElec}
 84367 | Zig:21   | Found the +5 demon whip "Spellbinder" {antimagic, MR+}
 84393 | Zig:21   | Identified the amulet "Xoyseorch" {Reflect Int+2 SH+2} (You found it on level 21 of a ziggurat)
 84427 | Zig:22   | Entered Level 22 of a ziggurat
 84451 | Zig:22   | Found the +12 glaive of Prune {chop}
 84451 | Zig:22   | HP: 1/173 [daeva/divine providence (15)]
 84451 | Zig:22   | Killed from afar by a daeva

Skill      XL: |  1  2  3  4  5  6  7  8  9 10 11 12 13 14 15 16 17 18 19 20 21 22 23 24 25 26 27 |
---------------+----------------------------------------------------------------------------------+-----
Axes           | 3 4 5 6 7 9 11 12 14 16 18 19 20 21 22 27 | 27.0
Fighting       | 4 5 6 8 9 11 14 15 16 17 25 | 25.4
Evocations     | 3 6 |  6.2
Armour         | 8 11 14 16 17 18 19 20 21 | 21.3
Dodging        | 2 5 7 |  7.1
Translocations | 5 10 18 | 18.4
Invocations    | 4 10 12 16 18 20 22 | 22.3
Necromancy     | 8 10 11 12 14 | 14.0
Charms         | 2 4 6 |  6.0
Earth Magic    | 8 11 22 | 22.2
Spellcasting   | 9 |  9.1

Action                   |  1- 3 |  4- 6 |  7- 9 | 10-12 | 13-15 | 16-18 | 19-21 | 22-24 | 25-27 || total
-------------------------+-------+-------+-------+-------+-------+-------+-------+-------+-------++-------
Melee: Hand axe          |   118 |    52 |       |       |       |       |       |       |       ||   170
       Great mace        |       |   123 |   143 |       |       |       |       |       |       ||   266
       Dagger            |       |       |   431 |   287 |       |       |       |       |       ||   718
       Battleaxe         |       |       |       |   291 |  1273 |   100 |       |       |       ||  1664
       War axe           |       |       |       |    22 |   108 |       |       |       |       ||   130
       Executioner's axe |       |       |       |       |       |  1113 |  1307 |  1735 |  3591 ||  7746
Throw: Throwing net      |       |       |     1 |       |       |       |       |       |       ||     1
 Cast: Blink             |       |       |       |       |       |       |     1 |     9 |     3 ||    13
       Regeneration      |       |       |       |       |       |       |       |     3 |    84 ||    87
       Death Channel     |       |       |       |       |       |       |       |       |    64 ||    64
       Passage of Golubr |       |       |       |       |       |       |       |       |     2 ||     2
       Song of Slaying   |       |       |       |       |       |       |       |       |     2 ||     2
       Animate Dead      |       |       |       |       |       |       |       |       |     1 ||     1
       Borgnjor's Vile C |       |       |       |       |       |       |       |       |     1 ||     1
Invok: Berserk           |     5 |     8 |    12 |     9 |    12 |    40 |    21 |       |       ||   107
       Trog's Hand       |       |       |     1 |       |     2 |     8 |     2 |       |       ||    13
       Brothers in Arms  |       |       |       |       |     1 |       |     1 |       |       ||     2
       Grand Finale      |       |       |       |       |       |       |       |       |     3 ||     3
       Stomp             |       |       |       |       |       |       |       |       |     1 ||     1
 Abil: Fly               |       |       |       |       |     1 |       |       |       |       ||     1
       Evoke Invisibilit |       |       |       |       |       |       |       |     1 |       ||     1
Evoke: Wand              |       |     3 |    15 |    47 |    50 |     4 |     7 |    21 |    13 ||   160
       Phial of floods   |       |       |       |       |       |       |       |     2 |       ||     2
       Sack of spiders   |       |       |       |       |       |       |       |     1 |     5 ||     6
       Box of beasts     |       |       |       |       |       |       |       |       |     1 ||     1
  Use: Scroll            |       |    12 |     5 |     6 |    10 |    10 |     9 |    24 |    66 ||   142
       Potion            |       |       |     1 |     3 |     5 |     5 |       |     5 |    33 ||    52
 Stab: Paralysed         |       |       |       |       |    15 |     4 |    18 |   167 |   632 ||   836
       Petrified         |       |       |       |       |       |       |     7 |       |       ||     7
       Petrifying        |       |       |       |       |       |       |     1 |       |       ||     1
       Distracted        |       |       |       |       |       |       |     1 |     1 |    33 ||    35
       Invisible         |       |       |       |       |       |       |       |     3 |     2 ||     5
       Sleeping          |       |       |       |       |       |       |       |       |    13 ||    13
  Eat: Chunk             |     2 |     9 |    23 |    23 |    40 |    37 |    37 |    23 |    48 ||   242
       Ration            |     1 |     1 |     2 |     2 |     4 |    11 |     5 |     6 |    18 ||    50
Armor: Animal skin       |    34 |    13 |       |       |       |       |       |       |       ||    47
       Chain mail        |       |    65 |   484 |       |       |       |       |       |       ||   549
       Ring mail         |       |    60 |       |       |       |       |       |       |       ||    60
       Plate armour      |       |       |   123 |   753 |  1585 |  1400 |  1003 |  1120 |   688 ||  6672
       Shadow dragon sca |       |       |       |       |       |       |       |       |  1332 ||  1332
       Gold dragon scale |       |       |       |       |       |       |       |       |   270 ||   270
Dodge: Dodged            |    76 |   131 |   387 |   349 |   693 |   247 |   380 |   565 |  1116 ||  3944
       Deflected         |       |       |       |       |    70 |    66 |    47 |    10 |       ||   193
Block: Other             |       |       |       |       |     2 |   603 |   461 |   499 |   906 ||  2471
       Reflection        |       |       |       |       |       |    73 |    45 |    31 |    35 ||   184
